 Dungeon Crawl Stone Soup version 0.17.1-1-g73c8601 (webtiles) character file.

2739 zornare the Transmogrifier (level 9, -6/68 HPs)
             Began as a Merfolk Transmuter on Jan 1, 2016.
             Mangled by leMango's ghost (13 damage)
             ... on level 7 of the Dungeon.
             The game lasted 00:41:17 (10009 turns).

zornare the Transmogrifier (Merfolk Transmuter)    Turns: 10009, Time: 00:41:17

Health: -6/68      AC:  8    Str: 13    XL:     9   Next: 68%
Magic:  8/16       EV: 17    Int: 13    God:
Gold:   245        SH:  0    Dex: 14    Spells: 3 memorised, 8 levels left

rFire  . . .     SeeInvis +       - Unarmed
rCold  . . .     Clarity  .     x - +1 robe {rN+}
rNeg   + . .     SustAt   .     (no shield)
rPois  +         Gourm    .     (no helmet)
rElec  .         Spirit   .     l - +2 cloak
rCorr  .         Warding  .     (no gloves)
rMut   .         Stasis   .     u - +1 pair of boots
MR     .....                    (no amulet)
Stlth  +.........               w - ring of see invisible
                                h - ring of poison resistance

@: very slightly contaminated, not resistant to hostile enchantments, very
unstealthy
A: change form in water, swift swim
a: no special abilities


You were on level 7 of the Dungeon.
You were not hungry.

You visited 2 branches of the dungeon, and saw 8 of its levels.

You collected 245 gold pieces.

Inventory:

Missiles
 a - 145 arrows
Armour
 e - a +0 helmet
 l - a +2 cloak (worn)
 u - a +1 pair of boots (worn)
 x - a +1 robe of positive energy (worn)
Jewellery
 h - a ring of poison resistance (left hand)
 w - a ring of see invisible (right hand)
Wands
 y - a wand of flame (29)
Scrolls
 f - 2 scrolls of remove curse
 j - 2 scrolls of recharging
 k - 2 scrolls of teleportation
 p - 2 scrolls of fog
 s - 7 scrolls of identify
Potions
 b - a potion of magic
 g - a potion of cure mutation
 i - 2 potions of haste
 m - 2 potions of resistance
 q - 2 potions of agility
 r - a potion of curing
 z - a potion of ambrosia {unknown}
 A - a potion of degeneration {unknown}
Books
 c - a book of Changes

   Spells                             Type                      Level
   a - Beastly Appendage              Transmutation                1
   b - Sticks to Snakes               Transmutation                2
   c - Spider Form                    Transmutation/Poison         3
   d - Ice Form                       Ice/Transmutation            4
   e - Blade Hands                    Transmutation                5
Comestibles
 d - 6 bread rations
 n - 2 meat rations
 o - 6 fruits
 t - a slice of pizza
 v - 2 beef jerkies
 B - a chunk of flesh


   Skills:
 + Level 5.5 Fighting
 + Level 8.7 Dodging
 * Level 6.8 Unarmed Combat
 * Level 5.2 Spellcasting
 + Level 9.0 Transmutations


You had 8 spell levels left.
You knew the following spells:

 Your Spells              Type           Power        Failure   Level  Hunger
a - Beastly Appendage     Trmt           ####..       1%          1    None
b - Ice Form              Ice/Trmt       ###.....     34%         4    ####...
c - Blade Hands           Trmt           ####......   14%         5    ######.


Dungeon Overview and Level Annotations

Branches:
Dungeon (7/15)             Temple (1/1) D:7

Altars:
Ashenzari
Cheibriados
Dithmenos
Elyvilon
Fedhas
Kikubaaqudgha
Nemelex Xobeh
Okawaru
Qazlal
Ru
Vehumet
Xom
Yredelemnul
The Shining One

Shops:
D:7 }

Annotations:
D:7 leMango's ghost, novice TrFi


Message History

* * * LOW HITPOINT WARNING * * *
You hit leMango's ghost.
LeMango's ghost is almost destroyed.
LeMango's ghost barely misses you.
You closely miss leMango's ghost.
LeMango's ghost is almost destroyed.
LeMango's ghost hits you but does no damage.
You hit leMango's ghost but do no damage.
LeMango's ghost is almost destroyed.
LeMango's ghost misses you.
You closely miss leMango's ghost.
LeMango's ghost is almost destroyed.
You hit leMango's ghost but do no damage.
LeMango's ghost is almost destroyed.
LeMango's ghost says, "Ah, a second chance to prove myself in battle!"
LeMango's ghost hits you but does no damage.
You barely miss leMango's ghost.
LeMango's ghost is almost destroyed.
LeMango's ghost hits you!
You die...

############......
##.................
.....).............
###+#......<#.......
#........####.......
#........####.......
#............#......
###+#'###....#######
#@#.# #....# #W#.#
#....#
######.#.###....##
.'........(........
[########%###....#######
#.).............
..........[...#######
.......(......##.....
..$.......######.....


You could see leMango's ghost.

Vanquished Creatures
  Joseph (D:7)
  Grinder (D:4)
  A hungry ghost (D:7)
  Duvessa (D:4)
  A sky beast (D:7)
  3 ice beasts
  2 centaurs
  3 phantoms
  2 ogres (D:5)
  A big kobold (D:4)
  Dowan (D:4)
  A gnoll shaman (D:4)
  3 hounds
  A jelly (D:5)
  2 orc priests
  An iguana (D:4)
  Natasha (thrice) (D:4)
  7 worker ants
  2 hound skeletons (D:5)
  A worker ant zombie (D:5)
  Robin (D:3)
  17 adders
  7 gnolls
  2 shadow imps (D:6)
  An adder skeleton (D:5)
  An adder zombie (D:6)
  4 worms
  5 giant geckos
  8 orcs
  2 ball pythons
  13 giant cockroaches
  10 hobgoblins
  9 jackals
  2 quokkas
  5 bats
  A giant gecko skeleton (D:7)
  A giant gecko zombie (D:6)
  3 giant newts
  21 goblins
  33 kobolds
  2 quokka skeletons (D:5)
  A quokka zombie (D:5)
  8 rats
  8 plants (D:4)
203 creatures vanquished.

Vanquished Creatures (others)
  A kobold (D:4)
  A plant (D:4)
2 creatures vanquished.

Grand Total: 205 creatures vanquished

Notes
Turn   | Place    | Note
--------------------------------------------------------------
     0 | D:1      | zornare the Merfolk Transmuter began the quest for the Orb.
     0 | D:1      | Reached XP level 1. HP: 15/15 MP: 3/3
   285 | D:1      | Reached XP level 2. HP: 18/21 MP: 5/5
   984 | D:1      | Reached XP level 3. HP: 22/26 MP: 3/6
  1284 | D:2      | Reached XP level 4. HP: 24/33 MP: 7/7
  1490 | D:2      | Reached skill level 4 in Transmutations
  1499 | D:2      | Learned a level 4 spell: Ice Form
  1850 | D:2      | Reached XP level 5. HP: 33/38 MP: 6/8
  2163 | D:2      | Found a faded altar to an unknown god.
  2505 | D:3      | Noticed Robin
  2982 | D:3      | Killed Robin
  3322 | D:3      | Reached XP level 6. HP: 29/46 MP: 9/9
  3438 | D:3      | Reached skill level 5 in Dodging
  3438 | D:3      | Reached skill level 5 in Transmutations
  3637 | D:3      | Found an iron altar of Okawaru.
  3871 | D:3      | Found a shadowy altar of Dithmenos.
  4497 | D:4      | Reached XP level 7. HP: 50/52 MP: 9/11
  4636 | D:4      | Noticed Dowan
  4643 | D:4      | Noticed Duvessa
  4893 | D:4      | Killed Duvessa
  4893 | D:4      | Reached skill level 6 in Transmutations
  5089 | D:4      | Noticed Natasha
  5392 | D:4      | Killed Dowan
  5616 | D:4      | Noticed Grinder
  5816 | D:4      | Paralysed by Grinder for 7 turns
  5826 | D:4      | Killed Grinder
  5826 | D:4      | Reached skill level 5 in Unarmed Combat
  5826 | D:4      | Reached XP level 8. HP: 24/60 MP: 2/13
  5827 | D:4      | Reached skill level 7 in Transmutations
  6043 | D:4      | Killed Natasha
  6074 | D:4      | Noticed Natasha
  6080 | D:4      | Killed Natasha
  6520 | D:4      | Noticed Natasha
  6536 | D:4      | Killed Natasha
  7493 | D:5      | Entered Level 5 of the Dungeon
  8283 | D:5      | Reached skill level 8 in Transmutations
  8458 | D:5      | Learned a level 5 spell: Blade Hands
  8520 | D:5      | Reached XP level 9. HP: 53/67 MP: 6/15
  8916 | D:6      | Reached skill level 5 in Fighting
  9564 | D:7      | Found a staircase to the Ecumenical Temple.
  9572 | Temple   | Entered the Ecumenical Temple
  9709 | D:7      | Found Ynyosaiw's Gadget Boutique.
  9841 | D:7      | Noticed Joseph
  9854 | D:7      | Killed Joseph
  9854 | D:7      | Reached skill level 5 in Spellcasting
  9863 | D:7      | HP: 1/81 [sky beast (6)]
  9872 | D:7      | Reached skill level 9 in Transmutations
  9988 | D:7      | Noticed leMango's ghost (novice TrFi)
 10009 | D:7      | Mangled by leMango's ghost

Action                   |  1- 3 |  4- 6 |  7- 9 || total
-------------------------+-------+-------+-------++-------
Melee: Unarmed           |   101 |   357 |   730 ||  1188
 Cast: Beastly Appendage |    13 |    38 |    35 ||    86
       Ice Form          |       |       |     7 ||     7
       Blade Hands       |       |       |    14 ||    14
  Use: Scroll            |       |    13 |     4 ||    17
       Potion            |       |       |     4 ||     4
 Stab: Sleeping          |       |     1 |     2 ||     3
  Eat: Chunk             |     1 |    12 |    23 ||    36
       Fruit             |       |       |     8 ||     8
